General information
- name: BNet
- type: Ladder team game (AT/RT)
- host: Battle.net
- saver: Poonjuice
map: Cherryville
- players: 8
- length: 44:31
- speed: Fast
- version: 1.26 W3XP
- replay type: Public
» download(201 KB)
Players
team 1 (loser)
nickizsofresh21 (
red | 36 APM | 227 actions | 06:13)
1 Archmage
1 Summon Water Elemental
» actions
| Build / train | 12 | |
| Enter build submenu | 10 | |
| Enter hero's abilities submenu | 1 | |
| Right click | 112 | |
| Select / deselect | 76 | |
| Use ability | 16 | |
227 total
» units
| Peasant | 5 | |
| Rifleman | 1 | |
| Footman | 3 | |
9 total
» upgrades
» buildings
| Altar of Kings | 1 | |
| Farm | 2 | |
| Blacksmith | 1 | |
| Barracks | 1 | |
| Scout Tower | 1 | |
6 total
» build order
00:07 Altar of Kings
00:11 Farm
01:26 Blacksmith
01:37 Barracks
02:36 Farm
03:27 Scout Tower
TIE-GAME. (
yellow | 42 APM | 1870 actions | 44:29)
4 Goblin Tinker
2 Pocket Factory
2 Cluster Rockets
3 Mountain King
2 Storm Bolt
1 Bash
1 Paladin
1 Divine Shield
» actions
| Assign group hotkey | 37 | |
| Basic commands | 6 | |
| Build / train | 87 | |
| Enter build submenu | 28 | |
| Enter hero's abilities submenu | 8 | |
| Give item / drop item | 4 | |
| Right click | 811 | |
| Select / deselect | 333 | |
| Select group hotkey | 469 | |
| Use ability | 87 | |
1870 total
» units
| Peasant | 12 | |
| Footman | 20 | |
| Goblin Shredder | 1 | |
| Gryphon Rider | 18 | |
51 total
» upgrades
| Masonry | 3 | |
| Lumber Harvesting | 1 | |
| Storm Hammers | 1 | |
| Cloud | 1 | |
6 total
» buildings
| Barracks | 3 | |
| Altar of Kings | 2 | |
| Farm | 15 | |
| Scout Tower | 20 | |
| Arcane Tower | 3 | |
| Keep | 3 | |
| Lumber Mill | 1 | |
| Guard Tower | 5 | |
| Castle | 2 | |
| Gryphon Aviary | 2 | |
| Arcane Vault | 1 | |
| Town Hall | 1 | |
58 total
» build order
00:23 Barracks
00:28 Altar of Kings
00:44 Farm
00:53 Farm
01:39 Farm
01:48 Scout Tower
02:15 Arcane Tower
03:17 Keep
03:17 Keep
03:28 Scout Tower
03:29 Scout Tower
03:31 Scout Tower
03:35 Lumber Mill
03:57 Arcane Tower
03:57 Arcane Tower
04:03 Scout Tower
04:03 Scout Tower
04:26 Farm
04:27 Farm
04:28 Farm
05:05 Farm
05:20 Guard Tower
05:44 Guard Tower
06:47 Scout Tower
07:25 Castle
08:02 Gryphon Aviary
09:10 Gryphon Aviary
09:26 Arcane Vault
11:25 Farm
13:12 Scout Tower
13:12 Scout Tower
13:12 Scout Tower
13:14 Scout Tower
13:16 Scout Tower
14:01 Guard Tower
14:28 Scout Tower
14:29 Scout Tower
14:29 Scout Tower
16:19 Guard Tower
16:39 Scout Tower
16:39 Scout Tower
16:45 Scout Tower
16:45 Scout Tower
16:47 Scout Tower
18:42 Guard Tower
20:43 Farm
20:44 Farm
20:45 Farm
21:31 Farm
29:27 Town Hall
31:04 Altar of Kings
31:08 Farm
31:13 Barracks
31:16 Barracks
32:26 Farm
32:26 Farm
33:41 Keep
36:32 Castle
» items
| Staff of Teleportation | 1 | |
| Dust of Appearance | 2 | |
| Orb of Fire | 1 | |
| Potion of Healing | 1 | |
| Scroll of Town Portal | 1 | |
| Potion of Lesser Invulnerability | 1 | |
7 total
WoozyGernades (
teal | 16 APM | 184 actions | 11:12)
1 Blademaster
1 Wind Walk
» actions
| Build / train | 32 | |
| Enter build submenu | 9 | |
| Enter hero's abilities submenu | 1 | |
| Right click | 79 | |
| Select / deselect | 44 | |
| Use ability | 19 | |
184 total
» units
» upgrades
» buildings
| Altar of Storms | 1 | |
| Orc Burrow | 8 | |
| Voodoo Lounge | 1 | |
| Stronghold | 1 | |
| War Mill | 1 | |
| Fortress | 1 | |
| Beastiary | 2 | |
15 total
» build order
00:04 Altar of Storms
00:07 Orc Burrow
01:06 Voodoo Lounge
02:00 Orc Burrow
03:16 Stronghold
03:21 War Mill
05:39 Fortress
05:43 Beastiary
05:50 Beastiary
06:03 Orc Burrow
06:04 Orc Burrow
06:06 Orc Burrow
06:08 Orc Burrow
06:10 Orc Burrow
06:12 Orc Burrow
» items
redhotchilli (
blue | 68 APM | 942 actions | 13:57)
2 Mountain King
1 Storm Bolt
1 Thunder Clap
» actions
| Build / train | 71 | |
| Enter build submenu | 28 | |
| Enter hero's abilities submenu | 2 | |
| Remove unit from queue | 1 | |
| Right click | 575 | |
| Select / deselect | 206 | |
| Use ability | 59 | |
942 total
» units
» upgrades
| Gunpowder | 2 | |
| Armor | 2 | |
| Lumber Harvesting | 1 | |
5 total
» buildings
| Altar of Kings | 1 | |
| Farm | 11 | |
| Lumber Mill | 2 | |
| Barracks | 2 | |
| Blacksmith | 1 | |
| Arcane Vault | 1 | |
| Town Hall | 1 | |
| Keep | 2 | |
| Scout Tower | 5 | |
| Arcane Tower | 3 | |
| Guard Tower | 7 | |
| Castle | 2 | |
| Workshop | 2 | |
40 total
» build order
00:11 Altar of Kings
00:15 Farm
00:53 Lumber Mill
01:00 Barracks
01:07 Farm
02:15 Blacksmith
02:32 Barracks
02:40 Arcane Vault
02:53 Farm
03:03 Farm
06:16 Town Hall
07:37 Keep
07:57 Scout Tower
08:01 Arcane Tower
08:01 Arcane Tower
08:29 Lumber Mill
08:40 Farm
08:42 Farm
08:44 Farm
08:45 Farm
08:47 Scout Tower
09:50 Farm
09:52 Farm
09:56 Farm
10:01 Guard Tower
10:40 Castle
10:40 Castle
12:31 Keep
12:34 Scout Tower
12:35 Scout Tower
12:37 Scout Tower
12:42 Workshop
12:47 Workshop
13:08 Guard Tower
13:09 Guard Tower
13:17 Guard Tower
13:17 Guard Tower
» items
| Scroll of Regeneration | 4 | |
| Potion of Healing | 2 | |
| Orb of Fire | 1 | |
| Scroll of Town Portal | 1 | |
8 total
team 2 (winner)
Poonjuice (
pink | 74 APM | 3293 actions | 44:31)
5 Mountain King
3 Storm Bolt
2 Bash
» actions
| Assign group hotkey | 80 | |
| Basic commands | 486 | |
| Build / train | 64 | |
| Enter build submenu | 31 | |
| Enter hero's abilities submenu | 5 | |
| Give item / drop item | 2 | |
| Remove unit from queue | 1 | |
| Right click | 1289 | |
| Select / deselect | 925 | |
| Select group hotkey | 317 | |
| Use ability | 93 | |
3293 total
» units
| Peasant | 6 | |
| Footman | 5 | |
| Gryphon Rider | 11 | |
| Siege Engine | 7 | |
29 total
» upgrades
| Masonry | 3 | |
| Swords | 3 | |
| Storm Hammers | 1 | |
| Animal War Training | 1 | |
| Gunpowder | 3 | |
| Barrage | 1 | |
12 total
» buildings
| Altar of Kings | 1 | |
| Barracks | 1 | |
| Farm | 14 | |
| Scout Tower | 10 | |
| Lumber Mill | 1 | |
| Arcane Tower | 1 | |
| Keep | 1 | |
| Guard Tower | 10 | |
| Castle | 1 | |
| Gryphon Aviary | 2 | |
| Arcane Vault | 1 | |
| Blacksmith | 1 | |
| Workshop | 2 | |
46 total
» build order
00:04 Altar of Kings
00:08 Barracks
00:12 Farm
01:23 Farm
02:11 Farm
02:41 Farm
02:54 Scout Tower
03:10 Lumber Mill
03:22 Arcane Tower
03:27 Scout Tower
03:57 Farm
04:20 Keep
04:31 Guard Tower
04:37 Farm
05:13 Scout Tower
05:42 Scout Tower
06:03 Farm
06:05 Guard Tower
06:41 Guard Tower
06:43 Castle
06:48 Scout Tower
07:15 Guard Tower
07:19 Farm
07:42 Gryphon Aviary
07:48 Gryphon Aviary
08:17 Arcane Vault
11:43 Blacksmith
15:10 Farm
18:07 Farm
18:59 Scout Tower
19:20 Scout Tower
19:21 Scout Tower
19:37 Guard Tower
19:40 Scout Tower
20:07 Guard Tower
20:10 Scout Tower
20:38 Guard Tower
21:43 Workshop
21:44 Workshop
23:32 Guard Tower
23:32 Guard Tower
29:12 Farm
29:13 Farm
29:14 Farm
29:14 Farm
» items
| Scroll of Regeneration | 1 | |
| Staff of Teleportation | 1 | |
2 total
HeRu (
orange | 28 APM | 1263 actions | 44:29)
7 Blademaster
3 Wind Walk
3 Critical Strike
1 Bladestorm
» actions
| Assign group hotkey | 8 | |
| Basic commands | 51 | |
| Build / train | 49 | |
| ESC pressed | 12 | |
| Enter build submenu | 16 | |
| Enter hero's abilities submenu | 8 | |
| Give item / drop item | 2 | |
| Right click | 619 | |
| Select / deselect | 312 | |
| Select group hotkey | 85 | |
| Use ability | 101 | |
1263 total
» units
» upgrades
| Ranged Weapons | 3 | |
| Envenomed Spears | 1 | |
| Armor | 1 | |
5 total
» buildings
| Altar of Storms | 2 | |
| Orc Burrow | 9 | |
| War Mill | 1 | |
| Stronghold | 2 | |
| Voodoo Lounge | 1 | |
| Beastiary | 2 | |
| Fortress | 1 | |
18 total
» build order
00:05 Altar of Storms
00:11 Orc Burrow
01:23 War Mill
01:53 Stronghold
01:53 Stronghold
02:14 Voodoo Lounge
03:22 Orc Burrow
03:39 Orc Burrow
04:48 Beastiary
04:55 Beastiary
06:14 Orc Burrow
07:36 Fortress
08:14 Orc Burrow
09:16 Orc Burrow
21:13 Altar of Storms
21:19 Orc Burrow
21:23 Orc Burrow
22:34 Orc Burrow
» items
| Lesser Clarity Potion | 3 | |
| Scroll of Speed | 2 | |
| Healing Salve | 4 | |
| Boots of Speed | 1 | |
| Circlet of Nobility | 1 | |
| Orb of Lightning | 1 | |
| Scroll of Town Portal | 1 | |
| Potion of Healing | 1 | |
| Potion of Mana | 1 | |
| Potion of Lesser Invulnerability | 1 | |
| Scroll of Protection | 1 | |
17 total
broccolifarts (
purple | 35 APM | 1557 actions | 44:28)
6 Blademaster
3 Wind Walk
2 Critical Strike
1 Bladestorm
1 Priestess of the Moon
1 Searing Arrows
» actions
| Assign group hotkey | 13 | |
| Basic commands | 51 | |
| Build / train | 68 | |
| Enter build submenu | 28 | |
| Enter hero's abilities submenu | 7 | |
| Remove unit from queue | 3 | |
| Right click | 749 | |
| Select / deselect | 483 | |
| Select group hotkey | 42 | |
| Use ability | 113 | |
1557 total
» units
| Peon | 9 | |
| Grunt | 4 | |
| Tauren | 3 | |
| Spirit Walker | 2 | |
| Troll Batrider | 15 | |
33 total
» upgrades
| Melee Weapons | 3 | |
| Armor | 3 | |
| Pulverize | 1 | |
| Spirit Walker Training | 2 | |
| Reinforced Defenses | 1 | |
| Liquid Fire | 1 | |
11 total
» buildings
| Altar of Storms | 1 | |
| Orc Burrow | 6 | |
| Voodoo Lounge | 1 | |
| Barracks | 1 | |
| Stronghold | 1 | |
| War Mill | 1 | |
| Fortress | 2 | |
| Tauren Totem | 2 | |
| Spirit Lodge | 1 | |
| Watch Tower | 16 | |
| Beastiary | 2 | |
| Great Hall | 1 | |
35 total
» build order
00:06 Altar of Storms
00:08 Orc Burrow
01:02 Voodoo Lounge
01:53 Barracks
03:29 Stronghold
03:34 Orc Burrow
03:49 War Mill
05:18 Orc Burrow
05:50 Fortress
05:50 Fortress
08:12 Tauren Totem
08:13 Tauren Totem
08:58 Spirit Lodge
09:43 Watch Tower
10:00 Orc Burrow
16:30 Orc Burrow
18:51 Orc Burrow
19:40 Watch Tower
19:40 Watch Tower
19:41 Watch Tower
19:57 Watch Tower
20:17 Watch Tower
20:36 Watch Tower
21:00 Watch Tower
21:48 Watch Tower
23:18 Watch Tower
27:32 Beastiary
30:09 Beastiary
30:13 Watch Tower
30:14 Watch Tower
30:15 Watch Tower
30:17 Watch Tower
30:52 Watch Tower
30:59 Watch Tower
32:15 Great Hall
» items
| Healing Salve | 4 | |
| Lesser Clarity Potion | 1 | |
| Scroll of Town Portal | 1 | |
| Potion of Healing | 1 | |
| Orb of Lightning | 1 | |
| Boots of Speed | 1 | |
| Potion of Lesser Invulnerability | 1 | |
10 total

»
Les_Barbares (
green | 36 APM | 792 actions | 21:47)
4 Priestess of the Moon
2 Trueshot Aura
2 Searing Arrows
3 Keeper of the Grove
1 Entangling Roots
1 Force of Nature
1 Thorns Aura
1 Goblin Alchemist
1 Healing Spray
» actions
| Assign group hotkey | 24 | |
| Basic commands | 8 | |
| Build / train | 70 | |
| Enter build submenu | 19 | |
| Enter hero's abilities submenu | 8 | |
| Give item / drop item | 9 | |
| Right click | 198 | |
| Select / deselect | 241 | |
| Select group hotkey | 175 | |
| Use ability | 40 | |
792 total
» units
| Wisp | 18 | |
| Archer | 15 | |
| Dryad | 7 | |
| Druid of the Claw | 1 | |
41 total
» upgrades
| Strength of the Moon | 1 | |
| Moon Armor | 1 | |
| Ultravision | 1 | |
| Improved Bows | 1 | |
| Abolish Magic | 1 | |
| Nature's Blessing | 1 | |
| Strength of the Wild | 1 | |
| Marksmanship | 1 | |
| Druid of the Claw Training | 1 | |
9 total
» buildings
| Altar of Elders | 1 | |
| Moon Well | 8 | |
| Ancient of War | 1 | |
| Ancient of Wonders | 1 | |
| Hunter's Hall | 1 | |
| Ancient Protector | 1 | |
| Tree of Ages | 1 | |
| Tree of Life | 2 | |
| Ancient of Lore | 2 | |
| Tree of Eternity | 1 | |
19 total
» build order
00:13 Altar of Elders
00:19 Moon Well
00:48 Ancient of War
01:28 Moon Well
02:17 Ancient of Wonders
04:22 Hunter's Hall
04:31 Moon Well
05:50 Ancient Protector
06:02 Tree of Ages
06:23 Moon Well
06:57 Tree of Life
08:48 Ancient of Lore
11:36 Ancient of Lore
13:54 Moon Well
14:25 Tree of Eternity
17:00 Moon Well
18:18 Moon Well
19:33 Moon Well
21:37 Tree of Life
» items
| Dust of Appearance | 1 | |
| Potion of Healing | 1 | |
| Scroll of Town Portal | 2 | |
| Periapt of Vitality | 1 | |
| Boots of Speed | 1 | |
| Orb of Fire | 1 | |
7 total
Chat log
(00:13 / All) WoozyGernades: hi
(00:18 / All) Poonjuice: I love me a cup o' poonjuice
(00:29 / All) Les_Barbares: hein ?
(00:41 / All) WoozyGernades: go to www.2grilsnacup.cum
(00:50 / All) Poonjuice: www.meatspin.com is my favourite
(02:04 / Allies) broccolifarts: tauren
(02:36 / All) WoozyGernades: we aremovign this month
(02:45 / Allies) broccolifarts: be ready teal is harassing
(02:46 / Allies) Les_Barbares: we meet ?
(02:50 / Allies) Les_Barbares: ok
(04:36 / All) broccolifarts: gunna help red?
(04:40 / Allies) broccolifarts: anyone?
(10:07 / All) redhotchilli: horrible ass team
(10:36 / Allies) broccolifarts: coming
(11:12 / All) redhotchilli: no shite
(11:13 / All) Poonjuice: you just have dildos in your bums
(11:14 / All) redhotchilli: 3 fuck for all
(12:20 / All) redhotchilli: purle need help lmao
(12:29 / All) broccolifarts: fo sho
(12:37 / All) broccolifarts: two tauren dont beat riflemen
(12:54 / All) Poonjuice: yes they do nooblet
(13:00 / All) broccolifarts: no...they dont lol
(13:06 / All) broccolifarts: not that many
(13:14 / All) Poonjuice: orc is op they beat everything with 1 unit
(13:25 / All) broccolifarts: oh, shit i didnt know that. whyd i get two then
(13:31 / All) Poonjuice: exactly
(13:31 / All) broccolifarts: silly me
(13:45 / All) redhotchilli: yellow still ists
(13:54 / All) redhotchilli: have fun towering yellow
(14:43 / Allies) broccolifarts: one boring ass game
(14:50 / All) Poonjuice: one boring ass game -purp
(14:51 / All) Poonjuice: I agree
(15:12 / Allies) broccolifarts: its the worst when the foe doesnt do shit
(15:19 / Allies) broccolifarts: complete waste of time
(19:07 / Allies) broccolifarts: boooooooooooring
(19:58 / All) HeRu: lmao pink finish the game ass face
(20:05 / All) Poonjuice: stfu and go die in a ditch
(20:14 / All) HeRu: ahahah
(20:20 / All) Poonjuice: you suck
(20:22 / All) Poonjuice: at this game
(20:24 / All) Poonjuice: and at life
(20:26 / All) HeRu: noob
(20:46 / All) HeRu: im good at 1 thing
(20:54 / All) Poonjuice: being eZed
(21:04 / All) HeRu: dickin down ur momz
(21:26 / Allies) broccolifarts: i challenge you pink
(21:29 / Allies) broccolifarts: break my base
(21:33 / Allies) Les_Barbares: why u did this pink ?
(23:37 / Allies) broccolifarts: head to my base orange
(23:46 / Allies) Poonjuice: gold please first
(23:48 / Allies) HeRu: ok
(24:08 / Allies) broccolifarts: pink crack my base
(24:09 / Allies) broccolifarts: go ahead
(26:02 / Allies) broccolifarts: sigh
(26:03 / Allies) broccolifarts: pink
(26:04 / Allies) broccolifarts: wtf man
(27:02 / All) broccolifarts: your suck a fucking douche dude
(27:16 / All) broccolifarts: not only did you COMPLETLY waste my time, but you annoyed the shit out me me
(27:22 / All) Poonjuice: good
(28:26 / Allies) broccolifarts: orange
(28:28 / Allies) broccolifarts: gimme that gold
(29:20 / Allies) broccolifarts: pink kill his hero
(29:25 / Allies) broccolifarts: i mean
(29:27 / Allies) broccolifarts: orange
(29:29 / Allies) broccolifarts: kill his hero
(29:29 / Allies) broccolifarts: lol
(29:30 / All) Poonjuice: it's hard to kill oj when hes' a fast bitch, purp
(30:59 / All) Poonjuice: oj healed at moonwells
(31:01 / All) Poonjuice: motherfucker
(32:00 / Allies) broccolifarts: gj orange
(32:02 / Allies) broccolifarts: keep it up
(32:08 / All) Poonjuice: oj sucks purp
(32:11 / All) Poonjuice: you can't compliment him
(32:15 / All) Poonjuice: when your team got raped
(32:16 / All) Poonjuice: hardcore
(32:24 / All) HeRu: lol
(32:34 / All) TIE-GAME.: why arent u guys killing me
(32:40 / All) HeRu: pink lol
(32:40 / All) Poonjuice: because they suck and have nothing
(32:41 / All) broccolifarts: because pink is killing us
(32:48 / All) TIE-GAME.: are u dead?
(33:12 / All) Poonjuice: nice purp
(33:16 / All) Poonjuice: pay attention to your bm
(33:17 / Allies) broccolifarts: wasnt watching
(33:17 / Allies) Poonjuice: retard
(35:06 / All) Poonjuice: finally
(35:17 / All) broccolifarts: yellow quit plz
(35:22 / All) Poonjuice: he has bats?
(35:23 / All) Poonjuice: idiot
(36:08 / All) TIE-GAME.: U DIDNT SAY HE WAS MAKING ANYTHING
(36:12 / All) Poonjuice: I said earlier
(36:15 / All) Poonjuice: he has a towered base
(36:19 / All) broccolifarts: yellow, pink is being a cock
(36:20 / All) TIE-GAME.: NOT BATS
(36:29 / All) Poonjuice: didn't notice
(38:37 / All) Poonjuice: you're dead, purp
(39:05 / All) Poonjuice: thanks for the tank repair
(39:06 / All) Poonjuice: purp
(39:15 / All) broccolifarts: welcome
(40:01 / Allies) broccolifarts: what orange?
(40:10 / Allies) HeRu: check
(40:17 / Allies) broccolifarts: k
(41:50 / All) TIE-GAME.: leave faggots
(41:51 / All) TIE-GAME.: u got raped
(41:54 / All) broccolifarts: dude yellow
(41:58 / All) HeRu: ahahhahah
(41:59 / All) broccolifarts: are you kidding
(42:00 / All) TIE-GAME.: do i give a shit
(42:01 / All) Poonjuice: and now my base is dying to me
(42:02 / All) TIE-GAME.: u lost
(42:03 / All) Poonjuice: and it's over
(42:04 / All) TIE-GAME.: faggots
(42:06 / All) TIE-GAME.: u lost
(42:09 / All) Poonjuice: their pisspoor w/l ratio is about to get worse
(42:13 / All) broccolifarts: your such a fucking dick yellow
(42:16 / All) TIE-GAME.: pink beat u 1v3
(42:20 / All) TIE-GAME.: no excuses
(42:21 / All) broccolifarts: lol
(42:27 / All) HeRu: ahahhahahah
(42:35 / All) Poonjuice: you got buttfucked hard
(42:37 / All) Poonjuice: 1v3
(42:38 / All) HeRu: i beat u with 1 hero no excuses
(42:39 / Allies) broccolifarts: you have an army idiot
(42:39 / All) Poonjuice: because you suck
(42:47 / All) Poonjuice: gg?
(42:49 / All) TIE-GAME.: im training pink, he clearly raped uguys hard
(42:50 / All) Poonjuice: my stuff is dead
(42:56 / All) TIE-GAME.: we're gonna post this shit on every replay site
(42:59 / All) TIE-GAME.: and laugh at u
(43:01 / All) broccolifarts: good
(43:02 / All) TIE-GAME.: ur family name is ruined
(43:07 / All) HeRu: ahah training
(43:11 / All) Poonjuice: you fuckwits
(43:14 / All) Poonjuice: will get laughed at
(43:19 / All) Poonjuice: on highper.ch
(43:22 / All) Poonjuice: where it will be posted
(43:27 / All) Poonjuice: and your rape will be seen by all
(43:29 / All) HeRu: nicee
(43:39 / All) Poonjuice: all shall know how easily bumfucked you are
(43:48 / All) Poonjuice: with all the shit pouring out of your raped asshole
(43:55 / All) HeRu: make sure u post it with the title bm owns hard
(44:02 / All) Poonjuice: I'll post it as
(44:07 / All) Poonjuice: 1v3 noobs get owned
(44:26 / All) Poonjuice: nice bm
(44:27 / All) Poonjuice: o wait